[Event "UZB-ch Men Final 2019"]
[Site "Tashkent"]
[Date "2019.07.05"]
[Round "4.6"]
[White "Iuldachev, Saidali"]
[Black "Sindarov, Javokhir"]
[Result "0-1"]
[ECO "B24"]
[WhiteElo "2451"]
[BlackElo "2479"]
[Annotator "ChessBase"]
[PlyCount "176"]
[EventDate "2019.07.02"]
[EventType "tourn"]
[EventCountry "UZB"]
[SourceTitle "playchess.com"]
[Source "ChessBase"]
[SourceQuality "1"]
[TimeControl "5400+30"]

1. e4 c5 2. Nc3 Nc6 3. Nf3 e5 4. Bc4 g6 5. h4 h6 6. h5 g5 7. Nh2 d6 8. Nf1 Bg7 9. Ne3 Nge7 10. g4 O-O 11. d3 Be6 12. Ncd5 b5 13. Bb3 Nd4 14. Nxe7+ Qxe7 15. Bd5 Bxd5 16. Nxd5 Qb7 17. c3 Ne6 18. O-O Nf4 19. Bxf4 exf4 20. Kg2 a5 21. f3 Kh8 22. Rf2 b4 23. Rc1 Rab8 24. d4 bxc3 25. bxc3 Rfc8 26. Rcc2 a4 27. a3 cxd4 28. cxd4 Qb3 29. Qc1 Rxc2 30. Rxc2 Bxd4 31. Rc8+ Kg7 32. Rxb8 Qxb8 33. Nb4 Qb5 34. Qc2 Be5 35. Qd3 Qc5 36. Nd5 Qc1 37. Ne7 Qb2+ 38. Kf1 Qa1+ 39. Ke2 Qa2+ 40. Kd1 Qa1+ 41. Ke2 Bc3 42. Nf5+ Kh7 43. Qxd6 Qe1+ 44. Kd3 Bg7 45. Qd5 Qd1+ 46. Kc4 Qxf3 47. Kb4 Bf8+ 48. Kxa4 Qxa3+ 49. Kb5 Qb4+ 50. Kc6 Kg8 51. e5 Qb8 52. Kd7 Qa7+ 53. Kc8 Qa6+ 54. Kd7 Qa4+ 55. Kd8 Qa6 56. Kd7 Qa7+ 57. Kc8 Qa6+ 58. Kd7 Bg7 59. Nd6 Qa7+ 60. Kd8 Kf8 61. Nf5 Qb8+ 62. Kd7 Qe8+ 63. Kd6 Kg8 64. e6 fxe6 65. Qxe6+ Qxe6+ 66. Kxe6 f3 67. Kd5 f2 68. Ng3 Kf7 69. Nf1 Bf8 70. Ng3 Ba3 71. Ke5 Ke7 72. Kf5 Kf7 73. Nf1 Bd6 74. Ke4 Ke6 75. Kf3 Ke5 76. Ke3 Bc5+ 77. Kf3 Kd5 78. Nd2 Kd4 79. Kxf2 Kd3+ 80. Ke1 Bb4 81. Kd1 Ke3 82. Nb3 Kf4 83. Nd4 Kxg4 84. Ke2 Kxh5 85. Kf3 Kg6 86. Ne6 Kf6 87. Nf4 Bd6 88. Nh5+ Kg6 0-1

[Event "UZB-ch Men Final 2019"]
[Site "Tashkent"]
[Date "2019.07.06"]
[Round "5.1"]
[White "Khoroshev, Nikita"]
[Black "Iuldachev, Saidali"]
[Result "0-1"]
[ECO "A03"]
[WhiteElo "2414"]
[BlackElo "2451"]
[Annotator "ChessBase"]
[PlyCount "86"]
[EventDate "2019.07.02"]
[EventType "tourn"]
[EventCountry "UZB"]
[SourceTitle "playchess.com"]
[Source "ChessBase"]
[SourceQuality "1"]
[TimeControl "5400+30"]

1. f4 d5 2. Nf3 Nf6 3. e3 c6 4. b3 Bg4 5. Bb2 Nbd7 6. h3 Bxf3 7. Qxf3 e6 8. c4 Ne4 9. Rg1 Be7 10. Nc3 Bf6 11. O-O-O Ndc5 12. Kc2 Qa5 13. a3 Bxc3 14. dxc3 O-O 15. Rd4 Rac8 16. Qd1 b5 17. b4 Qa4+ 18. Kc1 Nb3+ 19. Kb1 Nxd4 20. Qxa4 bxa4 21. cxd4 dxc4 22. Kc2 Nd6 23. Kc3 a5 24. Bxc4 axb4+ 25. axb4 Ra8 26. Ba3 Nb5+ 27. Kb2 Rfb8 28. Rc1 Rb6 29. Be2 Rab8 30. Rc4 Nd6 31. Rc5 Nf5 32. Rc3 Ne7 33. e4 f5 34. b5 Kf7 35. Bc5 cxb5 36. Bxb6 Rxb6 37. Rc5 fxe4 38. Bxb5 Nd5 39. f5 e3 40. Ka3 Rxb5 41. Rxb5 e2 42. fxe6+ Kxe6 43. Rb1 Ne3 0-1

[Event "UZB-ch Men Final 2019"]
[Site "Tashkent"]
[Date "2019.07.06"]
[Round "5.2"]
[White "Nigmatov, Ortik"]
[Black "Karimov, Ibragim"]
[Result "1/2-1/2"]
[ECO "B28"]
[WhiteElo "2488"]
[BlackElo "2211"]
[Annotator "ChessBase"]
[PlyCount "74"]
[EventDate "2019.07.02"]
[EventType "tourn"]
[EventCountry "UZB"]
[SourceTitle "playchess.com"]
[Source "ChessBase"]
[SourceQuality "1"]
[TimeControl "5400+30"]

1. e4 c5 2. Nf3 a6 3. c4 d6 4. d4 Bg4 5. d5 e5 6. Nc3 Be7 7. Be2 Nd7 8. Be3 Bxf3 9. Bxf3 Bg5 10. Bxg5 Qxg5 11. h4 Qe7 12. g4 Qd8 13. Qd2 Ne7 14. h5 h6 15. g5 Ng8 16. Rg1 hxg5 17. Rxg5 Qf6 18. Ke2 g6 19. Rag1 Ne7 20. a3 O-O-O 21. b4 gxh5 22. Bxh5 Rdg8 23. Rxg8+ Rxg8 24. Rxg8+ Nxg8 25. Bg4 Qh4 26. Bxd7+ Kxd7 27. bxc5 Qg4+ 28. Kd3 Qf3+ 29. Kc2 dxc5 30. Qg5 Qxf2+ 31. Kb3 Nf6 32. Qxe5 Ng4 33. Qb8 Ne3 34. Qxb7+ Kd8 35. Qb6+ Kd7 36. Qc6+ Kd8 37. Qb6+ Kd7 1/2-1/2

[Event "UZB-ch Men Final 2019"]
[Site "Tashkent"]
[Date "2019.07.06"]
[Round "5.3"]
[White "Yakubboev, Nodirbek"]
[Black "Saydaliev, Saidakbar"]
[Result "1-0"]
[ECO "A61"]
[WhiteElo "2575"]
[BlackElo "2384"]
[Annotator "ChessBase"]
[PlyCount "53"]
[EventDate "2019.07.02"]
[EventType "tourn"]
[EventCountry "UZB"]
[SourceTitle "playchess.com"]
[Source "ChessBase"]
[SourceQuality "1"]
[TimeControl "5400+30"]

1. d4 Nf6 2. c4 c5 3. d5 e6 4. Nc3 exd5 5. cxd5 d6 6. Nf3 g6 7. Nd2 Bg7 8. Nc4 O-O 9. Bf4 Ne8 10. Qd2 a6 11. a4 f5 12. g3 Qc7 13. Bg2 Nd7 14. O-O Rb8 15. a5 b5 16. axb6 Nxb6 17. Na5 Nf6 18. Nc6 Ra8 19. Rfb1 Re8 20. b4 cxb4 21. Rxb4 Ne4 22. Nxe4 Rxe4 23. Rab1 Rxf4 24. gxf4 Nd7 25. Qe3 h5 26. Qe8+ Kh7 27. Qf7 1-0

[Event "UZB-ch Men Final 2019"]
[Site "Tashkent"]
[Date "2019.07.06"]
[Round "5.4"]
[White "Vokhidov, Shamsiddin"]
[Black "Rakhimov, Rakhmatjon"]
[Result "1/2-1/2"]
[ECO "B07"]
[WhiteElo "2515"]
[BlackElo "2107"]
[Annotator "ChessBase"]
[PlyCount "136"]
[EventDate "2019.07.02"]
[EventType "tourn"]
[EventCountry "UZB"]
[SourceTitle "playchess.com"]
[Source "ChessBase"]
[SourceQuality "1"]
[TimeControl "5400+30"]

1. e4 d6 2. d4 Nf6 3. Nc3 g6 4. Bg5 Bg7 5. Qd2 O-O 6. f4 c5 7. dxc5 dxc5 8. Bd3 Nc6 9. Nge2 a6 10. O-O-O Ng4 11. Ng3 Bd4 12. Rhe1 Nf2 13. e5 Qa5 14. Nce4 Nxd1 15. Qxa5 Nxa5 16. Kxd1 c4 17. c3 f6 18. Bh6 Rd8 19. cxd4 f5 20. Bc2 fxe4 21. Bxe4 Rxd4+ 22. Kc1 Bd7 23. Bc2 c3 24. b3 Bb5 25. Re3 Nc6 26. a4 Nb4 27. axb5 axb5 28. Rxc3 Na2+ 29. Kb2 Nxc3 30. Kxc3 Rad8 31. Nf1 b4+ 32. Kb2 R4d5 33. Bg5 Kf7 34. g4 Rc8 35. Bh4 Rd4 36. f5 Rxg4 37. e6+ Kf8 38. Bg3 g5 39. Ne3 Rd4 40. Nc4 b5 41. Nb6 Rc6 42. Nd7+ Ke8 43. Ne5 Rc3 44. Be1 Rd5 45. Ng4 h5 46. Nh6 Rh3 47. f6 Rxh2 48. Ng8 Re5 49. Bg3 Rxc2+ 50. Kxc2 Rxe6 51. Nxe7 h4 52. Bb8 Rb6 53. Be5 Re6 54. Ng6 h3 55. Kd3 Rxe5 56. f7+ Kxf7 57. Nxe5+ Ke6 58. Ng4 Kf5 59. Nf2 g4 60. Ke3 Kg5 61. Ne4+ Kf5 62. Nf2 Kg5 63. Ne4+ Kf5 64. Ng3+ Ke5 65. Ne2 h2 66. Ng3 Kd5 67. Kd3 Ke5 68. Ke3 Kd5 {[%emt 0:00:07] Ke4+ Ke5+} 1/2-1/2

[Event "UZB-ch Men Final 2019"]
[Site "Tashkent"]
[Date "2019.07.06"]
[Round "5.5"]
[White "Abdusattorov, Nodirbek"]
[Black "Abdisalimov, Abdimalik"]
[Result "1-0"]
[ECO "A33"]
[WhiteElo "2598"]
[BlackElo "2391"]
[Annotator "ChessBase"]
[PlyCount "75"]
[EventDate "2019.07.02"]
[EventType "tourn"]
[EventCountry "UZB"]
[SourceTitle "playchess.com"]
[Source "ChessBase"]
[SourceQuality "1"]
[TimeControl "5400+30"]

1. d4 Nf6 2. c4 e6 3. Nf3 c5 4. Nc3 cxd4 5. Nxd4 Nc6 6. Ndb5 d5 7. Bf4 d4 8. Nc7+ Ke7 9. Qa4 Nh5 10. Nxa8 Nxf4 11. Nb5 Bd7 12. Qa3+ Kf6 13. Qf3 Bb4+ 14. Kd1 g5 15. g3 Ne5 16. Qb3 Bxb5 17. gxf4 gxf4 18. Qxb4 Bc6 19. Rg1 d3 20. Qc3 dxe2+ 21. Kxe2 Qd6 22. Ke1 Rd8 23. Be2 Rxa8 24. Rd1 Qf8 25. Rg4 Qh6 26. h4 Be4 27. Rg5 Bf5 28. Rd6 Qf8 29. Qd4 h6 30. Rg1 Rc8 31. c5 b6 32. c6 f3 33. h5 Be4 34. Bd3 Qxd6 35. Qxd6 Nxd3+ 36. Kd2 Ne5 37. Qd4 Kf5 38. Re1 1-0

[Event "UZB-ch Men Final 2019"]
[Site "Tashkent"]
[Date "2019.07.06"]
[Round "5.6"]
[White "Sabirov, Asilbek"]
[Black "Dzhumaev, Marat"]
[Result "1-0"]
[ECO "A48"]
[WhiteElo "2147"]
[BlackElo "2439"]
[Annotator "NA"]
[PlyCount "129"]
[EventDate "2019.07.02"]
[EventType "tourn"]
[EventCountry "UZB"]
[SourceTitle "playchess.com"]
[Source "ChessBase"]
[SourceQuality "1"]
[TimeControl "5400+30"]

1. d4 Nf6 2. Nf3 g6 3. Bf4 Bg7 4. e3 O-O 5. h3 d6 6. Be2 b6 7. O-O Bb7 8. a4 a6 9. c3 Nbd7 10. Nbd2 e6 11. a5 b5 12. c4 bxc4 13. Bxc4 Qe7 14. Bh2 Ne4 15. Nxe4 Bxe4 16. Qe2 c5 17. Rfd1 Bxf3 18. gxf3 cxd4 19. exd4 Rfb8 20. Bxa6 Rb4 21. Bc4 d5 22. Bb5 Bxd4 23. Rxd4 Rxd4 24. a6 Rb4 25. Bxd7 Qxd7 26. Be5 d4 27. Qd2 Rb5 28. Qxd4 Qxd4 29. Bxd4 e5 30. Be3 Rxb2 31. f4 e4 32. a7 Rb7 33. Ra4 f5 34. Kg2 Kf7 35. Kg3 Ke6 36. Kh4 Rb1 37. Ra6+ Kf7 38. Rc6 Rb7 39. Ra6 Kg7 40. Bd4+ Kh6 41. Be3 Rd7 42. Ra5 Kg7 43. Ra1 Kf7 44. Ra6 Re7 45. Ra5 Rd7 46. Ra1 h6 47. Ra5 Ke6 48. Ra6+ Rd6 49. Ra5 Kf6 50. Ra1 g5+ 51. fxg5+ hxg5+ 52. Bxg5+ Ke5 53. Be3 Rg6 54. Ra5+ Ke6 55. Ra6+ Kf7 56. Rxg6 Kxg6 57. Kg3 Kf6 58. Kf4 Ke6 59. h4 Rg8 60. Bb6 Ra8 61. h5 Kf6 62. Bd4+ Ke6 63. h6 Kd5 64. Be3 Ke6 65. h7 1-0

[Event "UZB-ch Men Final 2019"]
[Site "Tashkent"]
[Date "2019.07.07"]
[Round "6.1"]
[White "Abdisalimov, Abdimalik"]
[Black "Sabirov, Asilbek"]
[Result "0-1"]
[ECO "D03"]
[WhiteElo "2391"]
[BlackElo "2147"]
[Annotator "NA"]
[PlyCount "54"]
[EventDate "2019.07.02"]
[EventType "tourn"]
[EventCountry "UZB"]
[SourceTitle "playchess.com"]
[Source "ChessBase"]
[SourceQuality "1"]
[TimeControl "5400+30"]

1. d4 d5 2. Nf3 Nf6 3. Bg5 c6 4. Nbd2 h6 5. Bxf6 exf6 6. e4 dxe4 7. Nxe4 Be7 8. Bc4 O-O 9. O-O Nd7 10. Re1 Nb6 11. Bb3 Bg4 12. c3 g6 13. h3 Bxf3 14. Qxf3 f5 15. Nc5 Qc7 16. Re2 Rad8 17. Qe3 Bg5 18. Qe5 Rc8 19. Rae1 Nd7 20. Qxc7 Rxc7 21. Re7 Bxe7 22. Rxe7 Nxc5 23. Rxc7 Nxb3 24. axb3 Rb8 25. Kf1 g5 26. Ke2 Kg7 27. Kd3 Kf6 0-1

[Event "UZB-ch Men Final 2019"]
[Site "Tashkent"]
[Date "2019.07.07"]
[Round "6.2"]
[White "Rakhimov, Rakhmatjon"]
[Black "Abdusattorov, Nodirbek"]
[Result "0-1"]
[ECO "E12"]
[WhiteElo "2107"]
[BlackElo "2598"]
[Annotator "ChessBase"]
[PlyCount "110"]
[EventDate "2019.07.02"]
[EventType "tourn"]
[EventCountry "UZB"]
[SourceTitle "playchess.com"]
[Source "ChessBase"]
[SourceQuality "1"]
[TimeControl "5400+30"]

1. d4 Nf6 2. c4 e6 3. Nf3 b6 4. Bf4 Bb7 5. e3 Ne4 6. Bd3 Bb4+ 7. Kf1 Be7 8. h4 h6 9. Qc2 Nf6 10. Nc3 d6 11. e4 Ng4 12. e5 O-O 13. Bh7+ Kh8 14. Be4 Nc6 15. Bxc6 Bxc6 16. Ng5 g6 17. Qe2 dxe5 18. dxe5 Nxf2 19. Kxf2 hxg5 20. hxg5+ Kg7 21. Rad1 Qe8 22. Ne4 Bxe4 23. Qxe4 Qa4 24. Bc1 Rad8 25. Rxd8 Rxd8 26. Be3 Qxa2 27. Qh4 Qxb2+ 28. Kf3 Qxe5 29. Qh6+ Kg8 30. Qh7+ Kf8 31. Qh8+ Qxh8 32. Rxh8+ Kg7 33. Rh4 f6 34. gxf6+ Bxf6 35. Rh1 a5 36. g4 g5 37. c5 a4 38. cxb6 cxb6 39. Bxb6 Rd3+ 40. Ke4 Rg3 41. Bc5 Rxg4+ 42. Kd3 Rh4 43. Rb1 Kg6 44. Rb7 Rh1 45. Ra7 Ra1 46. Ke4 g4 47. Ra6 Rc1 48. Be3 Re1 49. Kd3 g3 50. Rxa4 Bg5 51. Bc5 Kf5 52. Bb4 g2 53. Ra5+ e5 54. Bxe1 g1=Q 55. Bc3 Bf4 {[%emt 0:00:25] Kd4} 0-1

[Event "UZB-ch Men Final 2019"]
[Site "Tashkent"]
[Date "2019.07.07"]
[Round "6.3"]
[White "Saydaliev, Saidakbar"]
[Black "Vokhidov, Shamsiddin"]
[Result "0-1"]
[ECO "A04"]
[WhiteElo "2384"]
[BlackElo "2515"]
[Annotator "ChessBase"]
[PlyCount "75"]
[EventDate "2019.07.02"]
[EventType "tourn"]
[EventCountry "UZB"]
[SourceTitle "playchess.com"]
[Source "ChessBase"]
[SourceQuality "1"]
[TimeControl "5400+30"]

1. Nf3 c5 2. c4 Nf6 3. g3 Nc6 4. Bg2 d5 5. O-O e5 6. cxd5 Nxd5 7. Nc3 Nc7 8. d3 Be7 9. Be3 O-O 10. Rc1 Bd7 11. Nd2 Rc8 12. a3 b6 13. Nc4 f6 14. f4 exf4 15. Bxf4 Kh8 16. e3 Ne6 17. Bd6 Be8 18. Bxe7 Qxe7 19. Nd5 Qd8 20. Qe2 Bf7 21. Nc3 Qd7 22. Rcd1 Rcd8 23. Qf3 Ne7 24. b4 Ng5 25. Qe2 Nd5 26. Ne4 Nxe4 27. Bxe4 Nc3 28. Qc2 Nxd1 29. Rxd1 Rfe8 30. Rf1 cxb4 31. axb4 Rc8 32. Bf5 Be6 33. Bxe6 Qxe6 34. b5 Qd5 35. Rb1 Red8 36. Rb3 Rc5 37. Qb1 Qh5 38. Qd1 0-1

[Event "UZB-ch Men Final 2019"]
[Site "Tashkent"]
[Date "2019.07.07"]
[Round "6.4"]
[White "Karimov, Ibragim"]
[Black "Yakubboev, Nodirbek"]
[Result "1/2-1/2"]
[ECO "A88"]
[WhiteElo "2211"]
[BlackElo "2575"]
[Annotator "ChessBase"]
[PlyCount "190"]
[EventDate "2019.07.02"]
[EventType "tourn"]
[EventCountry "UZB"]
[SourceTitle "playchess.com"]
[Source "ChessBase"]
[SourceQuality "1"]
[TimeControl "5400+30"]

1. Nf3 d6 2. d4 f5 3. g3 Nf6 4. Bg2 g6 5. O-O Bg7 6. c4 O-O 7. Nc3 c6 8. d5 e5 9. dxe6 Bxe6 10. Bf4 Bxc4 11. Qxd6 Qxd6 12. Bxd6 Re8 13. Ne5 Be6 14. Rfd1 Nbd7 15. Rac1 Nb6 16. Nd3 Nfd5 17. Nxd5 Bxd5 18. Bxd5+ Nxd5 19. e3 Rad8 20. Ba3 Kf7 21. Kg2 g5 22. h3 h5 23. Nc5 Re7 24. Nb3 Red7 25. Kf3 Nf6 26. Rxd7+ Rxd7 27. Ke2 Ne4 28. Rc4 g4 29. hxg4 hxg4 30. Rc2 Rd5 31. Bb4 Ke6 32. a4 Be5 33. Be1 c5 34. Na5 b6 35. Nc4 Rd7 36. Nd2 Kd5 37. b3 a6 38. Nc4 Bc7 39. Na3 Rh7 40. Kd3 Rh1 41. Ke2 Rh2 42. Kd3 Bd6 43. f3 Bxg3 44. Bxg3 Rh3 45. fxe4+ fxe4+ 46. Ke2 Rxg3 47. Rd2+ Kc6 48. Nc4 b5 49. Ne5+ Kb6 50. Rd6+ Ka5 51. Nc6+ Kb6 52. Ne5+ Ka5 53. Kf2 Rh3 54. Nc6+ Kb6 55. a5+ Kc7 56. Rg6 Rf3+ 57. Ke2 g3 58. Kd2 Rf2+ 59. Kc3 g2 60. Ne7 Kd7 61. Ng8 Re2 62. Nf6+ Ke6 63. Nh5+ Kf5 64. Rg8 Rxe3+ 65. Kd2 Rxb3 66. Ng3+ Ke5 67. Ne2 e3+ 68. Kc2 Ra3 69. Rxg2 Ke4 70. Nc3+ Kf4 71. Rg8 b4 72. Rf8+ Kg4 73. Rg8+ Kf3 74. Rf8+ Kg2 75. Nd5 Kg3 76. Nf4 c4 77. Ne2+ Kg2 78. Nf4+ Kh2 79. Nd5 Ra2+ 80. Kc1 e2 81. Re8 b3 82. Nc3 Rc2+ 83. Kb1 Rxc3 84. Rxe2+ Kg3 85. Re6 Rd3 86. Kb2 Rd2+ 87. Kc1 b2+ 88. Kb1 Kf3 89. Rc6 Ke4 90. Rxc4+ Kd5 91. Rb4 Kc5 92. Rb6 Rd6 93. Rxd6 Kxd6 94. Kxb2 Kc5 95. Kb3 Kb5 1/2-1/2

[Event "UZB-ch Men Final 2019"]
[Site "Tashkent"]
[Date "2019.07.07"]
[Round "6.5"]
[White "Iuldachev, Saidali"]
[Black "Nigmatov, Ortik"]
[Result "1/2-1/2"]
[ECO "C48"]
[WhiteElo "2451"]
[BlackElo "2488"]
[Annotator "ChessBase"]
[PlyCount "88"]
[EventDate "2019.07.02"]
[EventType "tourn"]
[EventCountry "UZB"]
[SourceTitle "playchess.com"]
[Source "ChessBase"]
[SourceQuality "1"]
[TimeControl "5400+30"]

1. e4 e5 2. Nf3 Nc6 3. Nc3 Nf6 4. Bb5 Bd6 5. d3 O-O 6. a3 Re8 7. Bc4 Bc5 8. h3 a6 9. Ba2 Nd4 10. O-O c6 11. Be3 h6 12. Bxd4 exd4 13. Ne2 d5 14. exd5 Nxd5 15. Qd2 Qd6 16. Rae1 Bd7 17. Kh1 Nf6 18. Ng3 Bb6 19. Rxe8+ Rxe8 20. Re1 c5 21. Rxe8+ Nxe8 22. Qe2 Nf6 23. Ne4 Nxe4 24. Qxe4 Bc6 25. Qf5 Qd7 26. Qxd7 Bxd7 27. Bd5 Bc8 28. Kg1 Bc7 29. Kf1 Bf4 30. a4 Kf8 31. Ke2 Ke7 32. Nd2 Bc7 33. h4 f5 34. g3 Kd6 35. Bf7 Bd7 36. b3 b5 37. axb5 axb5 38. f4 Bc6 39. Nf3 Ke7 40. Bg8 g6 41. Kf2 Kf8 42. Be6 Kg7 43. Ke2 Kf6 44. Bg8 Bb7 1/2-1/2

[Event "UZB-ch Men Final 2019"]
[Site "Tashkent"]
[Date "2019.07.07"]
[Round "6.6"]
[White "Sindarov, Javokhir"]
[Black "Khoroshev, Nikita"]
[Result "1-0"]
[ECO "B06"]
[WhiteElo "2479"]
[BlackElo "2414"]
[Annotator "ChessBase"]
[PlyCount "49"]
[EventDate "2019.07.02"]
[EventType "tourn"]
[EventCountry "UZB"]
[SourceTitle "playchess.com"]
[Source "ChessBase"]
[SourceQuality "1"]
[TimeControl "5400+30"]

1. e4 g6 2. d4 Bg7 3. Nc3 a6 4. h4 h5 5. Be3 d6 6. Qd2 b5 7. O-O-O Bb7 8. f3 Nd7 9. Nh3 c5 10. Ng5 cxd4 11. Bxd4 Ngf6 12. Kb1 Rc8 13. a3 Nb6 14. Qf2 Nc4 15. Bxc4 Rxc4 16. e5 Nh7 17. exd6 Bxd4 18. Rxd4 Nxg5 19. d7+ Kf8 20. Rxc4 Ne6 21. Qa7 bxc4 22. Qxb7 Kg7 23. Rd1 Qa8 24. Qb4 Qc6 25. Qxe7 1-0

[Event "UZB-ch Men Final 2019"]
[Site "Tashkent"]
[Date "2019.07.08"]
[Round "7.1"]
[White "Nigmatov, Ortik"]
[Black "Sindarov, Javokhir"]
[Result "*"]
[ECO "C55"]
[WhiteElo "2488"]
[BlackElo "2479"]
[Annotator "RC"]
[PlyCount "90"]
[EventDate "2019.07.02"]
[EventType "tourn"]
[EventCountry "UZB"]
[SourceTitle "playchess.com"]
[Source "ChessBase"]
[SourceQuality "1"]
[TimeControl "5400+30"]

1. e4 e5 2. Nf3 Nc6 3. Bc4 Nf6 4. d3 h6 5. c3 d6 6. O-O g6 7. d4 Qe7 8. dxe5 Nxe5 9. Nxe5 dxe5 10. Be3 Nxe4 11. Bxf7+ Qxf7 12. Qa4+ Bd7 13. Qxe4 O-O-O 14. Rd1 Qf5 15. Qc4 Be7 16. Nd2 a6 17. Nf1 Bb5 18. Qb3 g5 19. Ng3 Qg6 20. c4 Bc6 21. Qc3 Bf6 22. b4 Ba4 23. Rd5 Bc6 24. Rdd1 Ba4 25. Rd5 c6 26. Rxd8+ Rxd8 27. Rc1 Rd3 28. Qe1 h5 29. Bb6 g4 30. Ne4 Bg5 31. Qe2 Rd7 32. Re1 Bd1 33. Qb2 Bf4 34. b5 cxb5 35. c5 Rd5 36. g3 Bh6 37. Nd6+ Kd7 38. Nxb7 Bf3 39. Nd6 Bd2 40. Rf1 Qd3 41. Nf7 Bc3 42. Qc1 b4 43. Nd8 Be4 44. c6+ Kc8 45. Qe3 Qxf1+ *

[Event "UZB-ch Men Final 2019"]
[Site "Tashkent"]
[Date "2019.07.08"]
[Round "7.2"]
[White "Yakubboev, Nodirbek"]
[Black "Iuldachev, Saidali"]
[Result "*"]
[ECO "D20"]
[WhiteElo "2575"]
[BlackElo "2451"]
[Annotator "RC"]
[PlyCount "61"]
[EventDate "2019.07.02"]
[EventType "tourn"]
[EventCountry "UZB"]
[SourceTitle "playchess.com"]
[Source "ChessBase"]
[SourceQuality "1"]
[TimeControl "5400+30"]

1. d4 d5 2. c4 dxc4 3. e4 e5 4. Nf3 exd4 5. Bxc4 Nc6 6. O-O Be6 7. Bb5 Bc5 8. b4 Bb6 9. Nbd2 Nf6 10. Ne5 O-O 11. Nxc6 bxc6 12. Bxc6 Rb8 13. a4 Ng4 14. Nf3 Bc4 15. h3 Ne3 16. fxe3 dxe3 17. Qe1 Bxf1 18. a5 Bd4 19. Nxd4 Qxd4 20. Bxe3 Qf6 21. Bxa7 Rxb4 22. Bc5 Rb2 23. Qxf1 Qxc6 24. Bxf8 Kxf8 25. a6 Rb8 26. Qf5 h6 27. Rf1 f6 28. e5 Rb2 29. Qg4 h5 30. Qg3 h4 31. Qa3+ *

[Event "UZB-ch Men Final 2019"]
[Site "Tashkent"]
[Date "2019.07.08"]
[Round "7.3"]
[White "Vokhidov, Shamsiddin"]
[Black "Karimov, Ibragim"]
[Result "*"]
[ECO "B00"]
[WhiteElo "2515"]
[BlackElo "2211"]
[Annotator "RC"]
[PlyCount "121"]
[EventDate "2019.07.02"]
[EventType "tourn"]
[EventCountry "UZB"]
[SourceTitle "playchess.com"]
[Source "ChessBase"]
[SourceQuality "1"]
[TimeControl "5400+30"]

1. e4 d6 2. d4 g6 3. Bc4 Bg7 4. Nf3 h6 5. h3 e6 6. Bb3 Ne7 7. c3 Nd7 8. Qe2 a6 9. Nbd2 b6 10. Nf1 Bb7 11. Ng3 c5 12. O-O Qc7 13. Rd1 e5 14. Be3 Rd8 15. Qd2 Nc6 16. Bd5 Ne7 17. Bxb7 Qxb7 18. b4 cxd4 19. cxd4 d5 20. exd5 Nxd5 21. Ne4 Qb8 22. dxe5 Nxe5 23. Nxe5 Bxe5 24. Bxh6 f6 25. Rab1 Kf7 26. Qc1 Rc8 27. Qa3 Rcd8 28. Bc1 Rhe8 29. Qf3 Kg7 30. Rb3 Qc7 31. g3 Ne7 32. Rbd3 Nf5 33. Rxd8 Rxd8 34. Rxd8 Qxd8 35. Be3 Qd5 36. Nd2 Nxe3 37. Qxe3 Qxa2 38. Nf3 Qa1+ 39. Kg2 b5 40. Qa7+ Kg8 41. Qa8+ Kf7 42. Qb7+ Kf8 43. Nh4 Qb1 44. Qh7 Qe4+ 45. Kh2 Ke8 46. Nxg6 Kd8 47. Qe7+ Kc8 48. Qe6+ Kc7 49. Nxe5 Qxe5 50. Qxa6 Qd4 51. Qa5+ Kc8 52. Qa8+ Kc7 53. Qf3 Qxb4 54. Qxf6 Qc5 55. h4 b4 56. Qf7+ Kb6 57. h5 Qc3 58. h6 b3 59. h7 b2 60. Qf8 b1=Q 61. Qb8+ *

[Event "UZB-ch Men Final 2019"]
[Site "Tashkent"]
[Date "2019.07.08"]
[Round "7.4"]
[White "Abdusattorov, Nodirbek"]
[Black "Saydaliev, Saidakbar"]
[Result "*"]
[ECO "C92"]
[WhiteElo "2598"]
[BlackElo "2384"]
[Annotator "RC"]
[PlyCount "93"]
[EventDate "2019.07.02"]
[EventType "tourn"]
[EventCountry "UZB"]
[SourceTitle "playchess.com"]
[Source "ChessBase"]
[SourceQuality "1"]
[TimeControl "5400+30"]

1. e4 e5 2. Nf3 Nc6 3. Bb5 a6 4. Ba4 Nf6 5. O-O Be7 6. Re1 b5 7. Bb3 d6 8. c3 O-O 9. h3 Bb7 10. d4 Re8 11. Nbd2 Bf8 12. Bc2 g6 13. d5 Nb8 14. b3 Nbd7 15. Nf1 c6 16. c4 a5 17. Be3 a4 18. Qd2 axb3 19. axb3 Qc7 20. Bd3 bxc4 21. bxc4 Rxa1 22. Rxa1 Ra8 23. Rc1 Ra3 24. Ne1 c5 25. Qb2 Ra4 26. Nd2 Nb6 27. Nc2 Nfd7 28. Rb1 Qc8 29. Qb3 Qa8 30. Rb2 Ba6 31. Be2 f5 32. exf5 gxf5 33. Bg5 Qe8 34. Ra2 Rxa2 35. Qxa2 Nb8 36. Ne3 Qg6 37. Bd8 N6d7 38. Bc7 f4 39. Nef1 e4 40. Bg4 e3 41. fxe3 fxe3 42. Nxe3 Qd3 43. Ndf1 Bh6 44. Be6+ Kh8 45. Qf2 Bg7 46. Bxb8 Nxb8 47. Qf7 *

[Event "UZB-ch Men Final 2019"]
[Site "Tashkent"]
[Date "2019.07.08"]
[Round "7.5"]
[White "Sabirov, Asilbek"]
[Black "Rakhimov, Rakhmatjon"]
[Result "*"]
[ECO "D00"]
[WhiteElo "2147"]
[BlackElo "2107"]
[Annotator "NA RC"]
[PlyCount "112"]
[EventDate "2019.07.02"]
[EventType "tourn"]
[EventCountry "UZB"]
[SourceTitle "playchess.com"]
[Source "ChessBase"]
[SourceQuality "1"]
[TimeControl "5400+30"]

1. d4 d5 2. Bf4 Nf6 3. e3 Bf5 4. c4 e6 5. Nc3 Bd6 6. Bxd6 Qxd6 7. Qb3 b6 8. Rc1 c6 9. Nf3 Nbd7 10. cxd5 exd5 11. Nh4 Be6 12. Bd3 g6 13. h3 O-O 14. Nf3 Ne4 15. Bxe4 dxe4 16. Nxe4 Qe7 17. Qa3 Qxa3 18. bxa3 Bxa2 19. Rxc6 Bd5 20. Rd6 Bxe4 21. Rxd7 Rfc8 22. O-O Bc6 23. Rd6 Kf8 24. Rf6 Ke7 25. Rf4 f6 26. Rh4 h5 27. Rd1 Bd5 28. e4 Bb3 29. Re1 Rc3 30. d5 Rac8 31. e5 Bxd5 32. exf6+ Kf7 33. Ne5+ Kxf6 34. Nd7+ Kg7 35. Re7+ Kh6 36. Rd4 Ba2 37. Nf6 R3c7 38. Rdd7 Rxd7 39. Rxd7 Rc6 40. Rh7+ Kg5 41. Ne4+ Kf4 42. Ng3 a5 43. Rd7 Ke5 44. Ne2 Bc4 45. Nd4 Rd6 46. f4+ Kd5 47. Rxd6+ Kxd6 48. g4 hxg4 49. hxg4 Kd5 50. Nf3 Bb3 51. Kf2 b5 52. f5 gxf5 53. gxf5 Bd1 54. f6 Ke6 55. Nd4+ Kxf6 56. Nxb5 Ke5 *

[Event "UZB-ch Men Final 2019"]
[Site "Tashkent"]
[Date "2019.07.09"]
[Round "8.2"]
[White "Saydaliev, Saidakbar"]
[Black "Sabirov, Asilbek"]
[Result "1-0"]
[ECO "D15"]
[WhiteElo "2384"]
[BlackElo "2147"]
[Annotator "NA"]
[PlyCount "59"]
[EventDate "2019.07.02"]
[EventType "tourn"]
[EventCountry "UZB"]
[SourceTitle "playchess.com"]
[Source "ChessBase"]
[SourceQuality "1"]
[TimeControl "5400+30"]

1. c4 Nf6 2. d4 c6 3. Nf3 d5 4. Nc3 a6 5. e3 b5 6. b3 Bf5 7. Be2 e6 8. O-O Ne4 9. Bb2 Bd6 10. Ne5 O-O 11. f3 Nxc3 12. Bxc3 f6 13. Nd3 Qc7 14. f4 Bxd3 15. Bxd3 f5 16. Qd2 Nd7 17. Ba5 Qa7 18. cxd5 exd5 19. Qc2 c5 20. Bxf5 cxd4 21. Be6+ Kh8 22. Qc6 Bc5 23. b4 dxe3 24. bxc5 e2 25. Rf2 Rac8 26. Qxd7 Qxc5 27. Re1 d4 28. Rexe2 d3 29. Qxd3 Rce8 30. Bb3 1-0